 Dungeon Crawl Stone Soup version 0.28.0-53-g5a82cb258f (webtiles) character file.

Game seed: 3038366987214043278

122 issech the Chopper (level 4, -4/41 HPs)
             Began as a Minotaur Monk on June 13, 2022.
             Slain by Ijyb
             ... wielding a +3 dagger of venom
              (8 damage)
             ... on level 3 of the Dungeon.
             The game lasted 00:06:54 (2915 turns).

issech the Chopper (Minotaur Monk)                  Turns: 2915, Time: 00:06:55

Health: -4/41      AC:  3    Str: 16    XL:     4   Next: 78%
Magic:  3/3        EV: 13    Int:  7    God:
Gold:   118        SH:  0    Dex: 14    Spells: 3/3 levels left

rFire   . . .      SeeInvis .   a - +0 hand axe
rCold   . . .      Faith    .   (no shield)
rNeg    . . .      Spirit   .   u - +0 leather armour
rPois   .          Reflect  .   (helmet restricted)
rElec   .          Harm     .   (no cloak)
rCorr   .          Rampage  .   (no gloves)
Will    .....                   (no boots)
Stlth   ++........              m - amulet of the acrobat
HPRegen 0.13/turn               (no ring)
MPRegen 0.08/turn               (no ring)

@: no status effects
A: horns 2, retaliatory headbutt
a: no special abilities


You were on level 3 of the Dungeon.
You visited 1 branch of the dungeon, and saw 3 of its levels.

You collected 118 gold pieces.

Inventory:

Hand Weapons
 a - a +0 hand axe (weapon)
 q - the +1 dagger "Peec" {vorpal, Fragile rF- rN+++ Int+4}
   (You found it on level 2 of the Dungeon)

   It inflicts extra damage upon your enemies.
   Int:       It affects your intelligence (+4).
   rF:        It makes you vulnerable to fire.
   rN:        It renders you almost immune to negative energy.
   Fragile:   It will be destroyed if unequipped.
Missiles
 f - 74 stones (quivered)
 h - 3 poisoned darts
 s - 21 sling bullets
 t - 34 arrows
Armour
 b - a +0 robe
 u - a +0 leather armour (worn)
Jewellery
 m - an amulet of the acrobat (around neck)
Scrolls
 c - 2 scrolls of enchant armour {unknown}
 e - 2 scrolls of teleportation {unknown}
 g - 2 scrolls of identify {unknown}
 i - a scroll of enchant weapon {unknown}
 j - a scroll of blinking {unknown}
 k - 3 scrolls of vulnerability {unknown}
 p - a scroll of immolation {unknown}
 r - a scroll of magic mapping {unknown}
 v - a scroll of torment {unknown}
Potions
 d - a potion of lignification {unknown}
 l - a potion of haste {unknown}
 n - a potion of degeneration {unknown}
 o - 2 potions of curing {unknown}


   Skills:
 + Level 4.3 Fighting
 + Level 4.9 Axes
 + Level 0.4 Armour
 + Level 4.1 Dodging
 + Level 2.4 Stealth


You had 3 spell levels left.
You didn't know any spells.
Your spell library contained the following spells:

 Spells                   Type           Power      Damage    Failure   Level
 Static Discharge         Conj/Air       0%         N/A       65%         2
 Lightning Bolt           Conj/Air       0%         1d11      100%        5
 Maxwell's Capacitive Co  Air            0%         ∞         100%        8


Dungeon Overview and Level Annotations

Branches:
Dungeon (3/15)

Altars:
Trog

Shops:
D:2 =

Annotations:
D:3 Ijyb, Terence


Innate Abilities, Weirdness & Mutations

You have a pair of horns on your head.
You reflexively headbutt those who attack you in melee.


Message History

You furiously retaliate!
You headbutt Ijyb.
You feel very sick. Ijyb completely misses you.
You feel very sick. The adder barely misses you. You furiously retaliate!
You headbutt the adder.
You feel sick.
You feel sick.
You feel sick.
There is a stone staircase leading down here.
You feel sick. The adder completely misses you.
You hit the adder.
The adder is severely wounded.
You feel sick. The adder bites you.
* * * LOW HITPOINT WARNING * * *
You feel sick.
You hit the adder.
You kill the adder!
You feel sick.
You closely miss Ijyb.
Ijyb is moderately wounded.
You feel sick.
You are no longer poisoned.
Ijyb zaps a wand.
You barely resist. You barely miss Ijyb.
Ijyb is moderately wounded.
Ijyb closely misses you.
You completely miss Ijyb.
Ijyb is moderately wounded.
Ijyb hits you with a +3 dagger of venom.
* * * LOW HITPOINT WARNING * * *
You hit Ijyb but do no damage. You headbutt Ijyb.
Ijyb is heavily wounded.
Ijyb closely misses you.
You hit Ijyb but do no damage. You headbutt Ijyb.
Ijyb is severely wounded.
Ijyb closely misses you.
You hit Ijyb.
Ijyb is almost dead.
Ijyb hits you with a +3 dagger of venom!
You die...

#.#######.# #.
#.#.......# #.
#######.#.#####.# #.
..........#####.# ..
###.###.........# ##
#.##......# #
#.##.####.# #.
#.##.# #####.#
#.##@#
.......##.##g#
....@.#.#.##g#
........g....#
......#.#........[#
.......#########....
###.#.# .. # ##


You could see Ijyb and a goblin.

Vanquished Creatures
  Natasha (D:3)
  5 adders
  A worm (D:2)
  3 dart slugs
  5 ball pythons
  6 endoplasms
  A giant cockroach (D:2)
  3 hobgoblins (D:1)
  2 jackals (D:2)
  A quokka (D:1)
  3 bats
  3 frilled lizards
  10 kobolds
  4 rats
48 creatures vanquished.

Notes
Turn   | Place    | Note
-------+----------+-------------------------------------------
     0 | D:1      | issech the Minotaur Monk began the quest for the Orb.
     0 | D:1      | Reached XP level 1. HP: 19/19 MP: 0/0
   506 | D:1      | Reached XP level 2. HP: 24/27 MP: 1/1
   887 | D:1      | Found a faded altar of an unknown god.
  1380 | D:2      | Reached XP level 3. HP: 33/33 MP: 2/2
  1715 | D:2      | Identified the +1 dagger "Peec" {vorpal, Fragile rF- rN+++
                  | Int+4}
  1732 | D:2      | Found Roxzi's Jewellery Emporium.
  2132 | D:2      | Found a bloodstained altar of Trog.
  2534 | D:3      | Reached XP level 4. HP: 40/40 MP: 3/3
  2621 | D:3      | Noticed Natasha
  2637 | D:3      | Killed Natasha
  2896 | D:3      | Noticed Ijyb
  2900 | D:3      | Noticed Terence
  2915 | D:3      | Slain by Ijyb

Illustrated notes

Levels and vault maps discovered:
D:1:      dpeg_arrival_shelter, layout_loops_corners,
          hellmonk_ecumenical_altar_zigzags, chequers_serial_rivers_large_b
D:2:      layout_loops_cross, basic_altar, serial_shops, shop_fountains,
          kennysheep_generic_room_4
D:3:      layout_loops_ring, uniq_terence, uniq_ijyb, uniq_natasha

Skill      XL: |  1  2  3  4 |
---------------+-------------+-----
Axes           | 4 |  4.9
Fighting       | 4 |  4.3
Stealth        | 2 |  2.4
Dodging        | 4 |  4.1
Armour         | |  0.4

Action                   |  1- 3 |  4- 6 || total
-------------------------+-------+-------++-------
Melee: Hand axe          |    99 |    26 ||   125
       Headbutt          |    15 |     6 ||    21
       Punch             |     2 |       ||     2
 Stab: Sleeping          |     6 |       ||     6
Armor: Robe              |    11 |       ||    11
       Leather armour    |     2 |     1 ||     3
Dodge: Dodged            |    71 |    21 ||    92
